Map: Blueshift LE

Players

liquidthermy (uThermal) - Winner!

  • Race: Terran Terran
  • League: Master
  • Spawn Location: 1:00

Bunny

  • Race: Terran Terran
  • League: Diamond
  • Spawn Location: 7:00

Event: IEM Season 13 - Katowice Server Qualifiers Europe

VOD

Have the link to the VOD?

Description

Time

  • Played on: Jan. 8, 2019, 12:57 p.m.
  • Length: 4:33

All games in this series

Show
View Real Time Build Order
Export as new Build Order

liquidthermy Terran - Winner!

Build Orders:  

Get SALT Encoding   

  12  0:02  SCV  
  13  0:15  Supply Depot  
  13  0:18  SCV  
  14  0:38  Barracks  
  14  0:42  Refinery  
  14  0:54  Barracks  
  14  0:58  SCV  
  15  1:10  SCV  
  16  1:20  Refinery  
  16  1:24  SCV  
  16  1:25  Reaper  
  18  1:37  Orbital Command  
  18  1:44  Reaper  
  19  1:57  Reaper  
  19  2:00  Supply Depot  
  20  2:16  Reaper  
  20  2:18  SCV  
  22  2:29  Reaper  
  21  2:36  SCV  
  22  2:46  Factory  
  22  2:48  Reaper, SCV  
  23  3:00  SCV  
  23  3:01  Reaper  
  25  3:07  Supply Depot  
  26  3:12  SCV  
  26  3:20  Reaper  
  26  3:25  SCV  
  28  3:30  Factory Tech Lab  
  28  3:33  Reaper  
  29  3:37  SCV  
  29  3:38  Starport  
  29  3:52  Reaper  
  30  3:57  Cyclone  
  33  4:08  Command Center  
Show
View Real Time Build Order
Export as new Build Order

Bunny Terran 

Build Orders:  

Get SALT Encoding   

  12  0:01  SCV  
  13  0:13  SCV  
  14  0:17  Supply Depot  
  14  0:25  SCV  
  14  0:28  Refinery  
  15  0:38  SCV  
  16  0:44  Barracks  
  16  0:50  SCV  
  17  1:02  SCV  
  18  1:15  SCV  
  19  1:31  Reaper, Orbital Command  
  20  1:47  Bunker  
  20  1:49  Supply Depot  
  20  1:50  Bunker  
  20  1:52  Bunker  
  20  1:57  Factory  
  20  2:03  Marine  
  20  2:07  SCV  
  22  2:21  Marine  
  22  2:23  SCV  
  22  2:35  SCV  
  21  2:39  Marine  
  21  2:42  Hellion  
  24  2:47  SCV  
  25  2:57  Marine  
  24  2:59  SCV  
  24  3:03  Hellion  
  27  3:11  SCV  
  28  3:14  Marine  
  27  3:25  Hellion  
  30  3:32  Marine  
  29  3:46  Hellion  
  27  3:50  SCV  
  27  3:51  Command Center  
  25  4:02  Marine  
  26  4:07  SCV  

Tags
 
Add a new tag
Caveats
  • Supply blocks, unpowered buildings, or Contaminate may cause inaccurate times.
  • Supply counts are checked every 10 seconds.